 Dungeon Crawl Stone Soup version 0.30.1-9-gdf580d7c3d (webtiles) character file.

Game seed: 17205800715044635407

305 jagang the Slasher (level 6, -2/50 HPs)
             Began as a Barachi Monk on Oct 25, 2023.
             Slain by a mummy (14 damage)
             ... in an ossuary.
             The game lasted 00:10:27 (3681 turns).

jagang the Slasher (Barachi Monk)                   Turns: 3681, Time: 00:10:27

Health: -2/50      AC: 10    Str: 12    XL:     6   Next: 39%
Magic:  6/6        EV:  5    Int: 11    God:
Gold:   192        SH:  9    Dex: 16    Spells: 5/5 levels left

rFire   + . .        w - +0 long sword
rCold   . . .        u - +2 kite shield
rNeg    . . .        t - +0 chain mail
rPois   .            (no helmet)
rElec   .            (no cloak)
rCorr   +            q - +0 pair of gloves
SInv    .            (no boots)
Will    .....        (no amulet) Stlth
                     f - ring of protection from fire
HPRegen 0.28/turn    b - ring of resist corrosion
MPRegen 0.10/turn

%: no passive effects
@: marked, slow
A: amphibious, slowness 1, strong legs 1, +LOS
a: Hop


You were in an ossuary.
You visited 1 branch of the dungeon, and saw 4 of its levels.
You also visited: Ossuary.

You collected 192 gold pieces.

Inventory:

Hand Weapons
 w - a +0 long sword (weapon)
Missiles
 h - 6 poisoned darts (quivered)
Armour
 d - an orb of light
 q - a +0 pair of gloves (worn)
 t - a +0 chain mail (worn)
 u - a +2 kite shield (worn)
Jewellery
 b - a ring of resist corrosion (right hand)
 f - a ring of protection from fire (left hand)
 m - a ring of magical power
Wands
 r - a wand of polymorph (7)
Scrolls
 e - 2 scrolls of identify
 k - a scroll of enchant weapon {unknown}
 n - a scroll of enchant armour {unknown}
 o - a scroll of butterflies {unknown}
 p - 3 scrolls of teleportation
 x - a scroll of fog {unknown}
Potions
 a - a potion of haste {unknown}
 c - a potion of ambrosia
 g - a potion of resistance {unknown}
 i - a potion of might {unknown}
 j - a potion of attraction {unknown}
 l - 2 potions of heal wounds
 s - 2 potions of flight {unknown}
 v - a potion of cancellation {unknown}


   Skills:
 + Level 4.9 Fighting
 + Level 4.9 Long Blades
 * Level 4.6 Armour
 + Level 4.4 Dodging


You had 5 spell levels left.
You didn't know any spells.
Your spell library contained the following spells:

 Spells                   Type           Power      Damage    Failure   Level
 Apportation              Tloc           0%         N/A       100%        1
 Necrotise                Necr           0%         1d4       100%        1
 Sting                    Tmut/Pois      0%         1d3       100%        1
 Summon Small Mammal      Summ           0%         N/A       100%        1
 Poisonous Vapours        Pois/Air       0%         N/A       100%        2
 Olgreb's Toxic Radiance  Pois           0%         N/A       100%        4


Dungeon Overview and Level Annotations

Branches:
Dungeon (4/15)            Ossuary (1/1)
 Temple: D:4-7

Altars:
Yredelemnul


Innate Abilities, Weirdness & Mutations

You are amphibious.
You cover ground slowly.
You can hop short distances.
You have an extended range of vision and can be seen from far away.


Message History

The centaur zombie kicks you but does no damage.
The hobgoblin zombie barely misses you.
You hit the mummy.
The mummy is moderately damaged.
The centaur zombie hits you but does no damage.
The centaur zombie kicks you but does no damage.
The centaur zombie hits you but does no damage.
The centaur zombie barely misses you.
The hobgoblin zombie hits you but does no damage.
You hit the centaur zombie but do no damage.
The centaur zombie hits you.
* * * LOW HITPOINT WARNING * * *
You block the centaur zombie's attack. x2
The centaur zombie kicks you but does no damage.
You hit the mummy.
The mummy is heavily damaged.
The centaur zombie barely misses you. You block the centaur zombie's attack.
The centaur zombie barely misses you.
The centaur zombie kicks you but does no damage.
You barely miss the mummy.
The mummy is heavily damaged.
The centaur zombie hits you but does no damage.
You block the centaur zombie's attack.
The centaur zombie hits you but does no damage.
You block the centaur zombie's attack. The mummy hits you.
* * * LOW HITPOINT WARNING * * *
You barely miss the mummy.
The mummy is heavily damaged.
The centaur zombie hits you.
* * * LOW HITPOINT WARNING * * *
The centaur zombie kicks you but does no damage.
You block the mummy's attack.
The centaur zombie hits you but does no damage.
The centaur zombie kicks you but does no damage.
You hit the mummy.
The mummy is heavily damaged.
You block the centaur zombie's attack.
The centaur zombie kicks you but does no damage.
The mummy hits you!
You die...

#.####.......#...#
#.......#...#
#.M.....#.Z.#
#.∩.....#..Z#
....+####Z..#
#...#


#MZZ# #...# #ZZZ# .##############MZZ# .............@ZZZZ# .......∩∩.....MZZ.#
################### You could see 2 mummies, 2 adder zombies, 3 hobgoblin
zombies, 2 kobold zombies, an orc zombie, 2 centaur zombies and a human zombie.

Vanquished Creatures
  Blork the orc (D:4)
  A centaur zombie (Ossuary)
  An orc priest (D:3)
  6 adders
  An ufetubus (D:4)
  An adder zombie (Ossuary)
  2 worms (D:2)
  4 dart slugs
  8 orcs
  5 ball pythons
  5 endoplasms
  5 giant cockroaches
  4 goblins
  8 hobgoblins
  6 jackals (D:2)
  4 quokkas
  9 bats
  4 frilled lizards
  A goblin zombie (Ossuary)
  7 hobgoblin zombies (Ossuary)
  A jackal zombie (Ossuary)
  4 kobolds
  6 kobold zombies (Ossuary)
  4 orc zombies (Ossuary)
  5 rats
103 creatures vanquished.

Notes
Turn   | Place    | Note
-------+----------+-------------------------------------------
     0 | D:1      | jagang the Barachi Monk began the quest for the Orb.
     0 | D:1      | Reached XP level 1. HP: 18/18 MP: 1/1
   208 | D:1      | Reached skill level 1 in Armour
   216 | D:1      | Reached XP level 2. HP: 25/25 MP: 2/2
   811 | D:1      | Reached XP level 3. HP: 28/30 MP: 3/3
  1213 | D:2      | HP: 1/30 [worm (5)]
  1358 | D:2      | Reached XP level 4. HP: 32/37 MP: 4/4
  1696 | D:2      | Found a basalt altar of Yredelemnul.
  1788 | D:2      | Found a faded altar of an unknown god.
  2391 | D:3      | Reached XP level 5. HP: 43/43 MP: 5/5
  3283 | D:4      | Noticed Blork the orc
  3303 | D:4      | Killed Blork the orc
  3304 | D:4      | Reached XP level 6. HP: 22/49 MP: 6/6
  3524 | D:4      | Found a sand-covered staircase.
  3531 | Ossuary  | Entered an ossuary
  3681 | Ossuary  | Slain by a mummy

Illustrated notes

Levels and vault maps discovered:
D:1:      dpeg_arrival_signposts, layout_loops_ring, serial_co_window_serial,
          co_window_corner_a, co_window_corner_a, co_window_paths_b,
          co_window_cross_1, co_window_paths_b, co_window_corner_b,
          co_window_paths_c, co_window_broadway_c, co_window_of_opportunity_b,
          glass_columns_b, glass_columns_c, glass_columns_a,
          hangedman_abyss_or_decor_lesser_grid
D:2:      cheibrodos_helix_gallery, layout_loops_ring, basic_altar,
          shapermc_ecumenical_altar_mp_urbaneastern, minmay_liquid_box,
          wad_floor_pattern_untrapped
D:3:      layout_loops_corners, small_statue_alley_b, minmay_puff
D:4:      corexii_shantytown, layout_gridville, enter_ossuary_1,
          uniq_blork_the_orc
Ossuary:  ossuary_tomb_1

Skill      XL: |  1  2  3  4  5 |
---------------+----------------+-----
Armour         | 1 2 3 4 |  4.6
Long Blades    | 4 |  4.9
Fighting       | 4 |  4.9
Dodging        | 4 |  4.4

Action                     |  1- 3 |  4- 6 || total
---------------------------+-------+-------++-------
  Melee: Falchion          |    51 |       ||    51
         Short sword       |    33 |   126 ||   159
         Long sword        |       |   115 ||   115
Ability: Hop               |       |     1 ||     1
    Use: Potion            |       |     1 ||     1
         Scroll            |       |     2 ||     2
 Armour: Ring mail         |    40 |    25 ||    65
         Chain mail        |       |   196 ||   196
  Dodge: Dodged            |    69 |   107 ||   176
  Block: Kite shield       |       |   112 ||   112
